 Dungeon Crawl Stone Soup version 0.29.0-4-gdea44cf6ec (webtiles) character file.

Game seed: 1210415203065541134

22 qw the Chopper (level 2, -1/17 HPs)
             Began as a Tengu Warper on Aug 28, 2022.
             Succumbed to their own poison gas
             ... on level 1 of the Dungeon.
             The game lasted 00:00:04 (910 turns).

qw the Chopper (Tengu Warper)                        Turns: 910, Time: 00:00:04

Health: -1/17      AC:  5    Str: 11    XL:     2   Next: 91%
Magic:  6/6        EV: 10    Int: 13    God:
Gold:   41         SH:  0    Dex: 13    Spells: 5/5 levels left

rFire   . . .      SeeInvis .   Y - +0 hand axe
rCold   . . .      Faith    .   (no shield)
rNeg    . . .      Spirit   .   d - +0 ring mail
rPois   .          Reflect  .   (helmet restricted)
rElec   .          Harm     .   (no cloak)
rCorr   .          Rampage  .   (no gloves)
Will    .....                   (boots unavailable)
Stlth   +.........              (no amulet)
HPRegen 0.05/turn               (no ring)
MPRegen 0.10/turn               (no ring)

@: lethally poisoned (-1 -> -16)
A: beak, talons 3
a: no special abilities


You were on level 1 of the Dungeon.
You visited 1 branch of the dungeon, and saw 1 of its levels.

You collected 41 gold pieces.


Innate Abilities, Weirdness & Mutations

You have a beak for a mouth.
You have claws for feet.


   Skills:
 - Level 2.0 Fighting
 + Level 3.6 Axes
 - Level 1.0 Throwing
 - Level 1.1 Armour
 - Level 2.1 Dodging
 - Level 2.0 Spellcasting
 - Level 2.4 Translocations


You had 5 spell levels left.
You didn't know any spells.
Your spell library contained the following spells:

 Spells                   Type           Power      Damage    Failure   Level
 Blink                    Tloc           14%        N/A       34%         2
 Gell's Gravitas          Tloc           7%         N/A       56%         3
 Lesser Beckoning         Tloc           7%         N/A       56%         3
 Teleport Other           Tloc           7%         N/A       56%         3
 Manifold Assault         Tloc           7%         N/A       99%         5

Inventory:

Hand Weapons
 f - a +0 whip
 Y - a +0 hand axe (weapon)
Armour
 d - a +0 ring mail (worn)
Potions
 e - a potion of invisibility {unknown}
 g - a potion of flight {unknown}
 k - a potion of ambrosia {unknown}

Dungeon Overview and Level Annotations

Branches:
Dungeon (1/15)

Altars:


Message History

You continue taking off your +0 leather armour. x4
You finish taking off your +0 leather armour.
You start putting on your armour.
You continue putting on your +0 ring mail. x5
You finish putting on your +0 ring mail.
903 ||| DROPPING +0 leather armour.
You drop a +0 leather armour.
Done exploring.
904 ||| READING scroll labelled YXIDOSYADERPH.
The air fills with toxic fumes!
As you read the scroll labelled YXIDOSYADERPH, it crumbles to dust.
It was a scroll of poison.
Done exploring.
905 ||| READING scroll labelled SUYRRI OBAHAZ.
As you read the scroll labelled SUYRRI OBAHAZ, it crumbles to dust.
It is a scroll of identify.
Really abort (and waste the scroll)?
Done exploring.
906 ||| READING scroll labelled MERAKHIDIEL.
As you read the scroll labelled MERAKHIDIEL, it crumbles to dust.
You hear a loud clanging noise!
It was a scroll of noise.
Done exploring.
907 ||| DROPPING scroll of blinking.
You drop a scroll of blinking.
Done exploring.
(D) Dungeon
Where to? (* - list waypoints, ? - help)
What level of the Dungeon? (default 1, ? - help) Sorry, I don't know how to get there.
Done exploring.
908 ||| Stepping randomly (stuck).
Really walk into that cloud of poison gas?
You are engulfed in poison gas.
You are lethally poisoned!
You feel very sick.
909 ||| Stepping ~*~*~tactically~*~*~ (cloud).
You feel very sick.
Things that are here:
a scroll of blinking; a +0 leather armour
There is a lethal amount of poison in your body!
You die...

### #.# #.# #.# #.#
################### #.#
#.................#
#.###.###############.#
....#.#..¤¤¤¤00¤@# #.#
#.#.#.#.########¤# #.#
#.#.#.#.# #¤# #.#
.%#.#.#.# #0# #.######
..#.#.#.###### #¤#
#.#....# #.#.#.#......#
#¤# #.#.##.#
#.#.#.#......# #¤#
#.#.##.# #.#.#.#......#
#¤# #.#.##.#
.....>......## #.#
#.#.##.#


There were no monsters in sight!

Vanquished Creatures
  3 dart slugs (D:1)
  2 endoplasms (D:1)
  A goblin (D:1)
  A hobgoblin (D:1)
  A ball python (D:1)
  3 bats (D:1)
  A frilled lizard (D:1)
  A kobold (D:1)
  5 rats (D:1)
18 creatures vanquished.

Notes
Turn   | Place    | Note
-------+----------+-------------------------------------------
     0 | D:1      | qw the Tengu Warper began the quest for the Orb.
     0 | D:1      | Reached XP level 1. HP: 12/12 MP: 4/4
     0 | D:1      | 0 ||| qw: Version: 0.1-a-89-g26bdef1
     0 | D:1      | 0 ||| qw: Game counter: 748
     0 | D:1      | 0 ||| qw: Always use a shield: true
     0 | D:1      | 0 ||| qw: God list: Okawaru
     0 | D:1      | 0 ||| qw: Allow faded altars: false
     0 | D:1      | 0 ||| qw: Do Orc after D:15 true
     0 | D:1      | 0 ||| qw: Do second Lair branch before Depths: true
     0 | D:1      | 0 ||| qw: Lair rune preference: random
     0 | D:1      | 0 ||| qw: Plans: Normal
     0 | D:1      | 0 ||| PLANNING D:1-11
   192 | D:1      | 192 ||| Stepping ~*~*~tactically~*~*~ (stealth).
   194 | D:1      | Reached XP level 2. HP: 17/17 MP: 6/6
   197 | D:1      | Reached skill level 3 in Axes
   203 | D:1      | 203 ||| Stepping ~*~*~tactically~*~*~ (stealth).
   204 | D:1      | 204 ||| Stepping ~*~*~tactically~*~*~ (stealth).
   503 | D:1      | Found a faded altar of an unknown god.
   893 | D:1      | 893 ||| UPGRADING to +0 ring mail.
   903 | D:1      | 903 ||| DROPPING +0 leather armour.
   904 | D:1      | 904 ||| READING scroll labelled YXIDOSYADERPH.
   905 | D:1      | 905 ||| READING scroll labelled SUYRRI OBAHAZ.
   906 | D:1      | 906 ||| READING scroll labelled MERAKHIDIEL.
   907 | D:1      | 907 ||| DROPPING scroll of blinking.
   908 | D:1      | 908 ||| Stepping randomly (stuck).
   909 | D:1      | 909 ||| Stepping ~*~*~tactically~*~*~ (cloud).
   909 | D:1      | HP: 2/17 [poisoned by you (poison gas)]
   910 | D:1      | Succumbed to their own poison gas

Levels and vault maps discovered:
D:1:      amcnicky_arrival_feature_with_door, layout_basic,
          basic_ecumenical_altar

Skill      XL: |  1  2 |
---------------+-------+-----
Axes           | 3 |  3.6
Fighting       | |  2.0
Throwing       | |  1.0
Armour         | |  1.1
Dodging        | |  2.1
Spellcasting   | |  2.0
Translocations | |  2.4

Action                   || total
-------------------------++-------
Melee: Hand axe          ||    37
       Peck              ||     5
       Kick              ||     3
       Punch             ||     1
Throw: Boomerang         ||     7
  Use: Scroll            ||     3
Armor: Leather armour    ||     9
Dodge: Dodged            ||    18

Table legend:
 A = Non-vault XP
 B = Vault XP
 C = Vault XP percentage of total XP
 D = Non-vault monster count
 E = Vault monster count
 F = Vault count percentage of total count
                 A         B        C        D         E       F
            +---------+---------+-------+---------+---------+-------
      Total |      32 |       0 |   0.0 |      18 |       0 |   0.0
            +---------+---------+-------+---------+---------+-------
        D:1 |      32 |       0 |   0.0 |      18 |       0 |   0.0
            +---------+---------+-------+---------+---------+-------
